 Dungeon Crawl Stone Soup version 0.21.1-1-g345015f (webtiles) character file.

444 yevrey the Ruffian (level 6, -4/51 HPs)
             Began as a Draconian Transmuter on Mar 30, 2018.
             Slain by a worker ant (7 damage)
             ... on level 4 of the Dungeon.
             The game lasted 00:12:16 (2930 turns).

yevrey the Ruffian (Draconian Transmuter)           Turns: 2930, Time: 00:12:16

Health: -4/51      AC:  2    Str: 13    XL:     6   Next: 72%
Magic:  7/10       EV: 19    Int: 14    God:
Gold:   100        SH:  0    Dex: 17    Spells: 5/11 levels left

rFire    . . .     SeeInvis .     - Unarmed
rCold    . . .     Gourm    .   (shield currently unavailable)
rNeg     . . .     Faith    .   (armour unavailable)
rPois    x         Spirit   .   (helmet currently unavailable)
rElec    .         Reflect  .   (cloak currently unavailable)
rCorr    .         Harm     .   (gloves currently unavailable)
MR       .....                  (boots currently unavailable)
Stlth    ++........             (no amulet)
HPRegen  0.17/turn              (no ring)
MPRegen  0.12/turn              (no ring)

@: lethally poisoned (-4 -> -17), spider-form (expiring)
A: tiny, unfitting armour, AC +6
a: End Transformation


You were on level 4 of the Dungeon.
You were not hungry.
You were a venomous arachnid creature.
You visited 1 branch of the dungeon, and saw 4 of its levels.

You collected 100 gold pieces.

Inventory:

Missiles
 a - 34 arrows
 p - 16 poisoned needles
 s - 2 tomahawks (quivered)
Jewellery
 h - a +2 ring of protection {unknown}
 u - a +3 amulet of reflection {unknown}
Scrolls
 d - a scroll of identify {unknown}
 e - a scroll of random uselessness {unknown}
 f - 2 scrolls of fog {unknown}
 j - a scroll of amnesia {unknown}
 l - a scroll of remove curse {unknown}
 n - a scroll of magic mapping {unknown}
 o - a scroll of fear {unknown}
 q - a scroll of teleportation {unknown}
 t - a scroll of blinking {unknown}
Potions
 g - a potion of mutation {unknown}
 i - a potion of brilliance {unknown}
 k - 2 potions of curing {unknown}
 m - a potion of cancellation {unknown}
Books
 b - a book of Changes

   Spells                             Type                      Level
   a - Beastly Appendage              Transmutation                1
   b - Sticks to Snakes               Transmutation                2
   c - Spider Form                    Transmutation/Poison         3
   d - Ice Form                       Ice/Transmutation            4
   e - Blade Hands                    Transmutation                5
Comestibles
 c - 5 rations
 r - 28 chunks of flesh


   Skills:
 * Level 3.1 Fighting
 - Level 1.7 Dodging
 + Level 5.1 Unarmed Combat
 + Level 3.1 Spellcasting
 + Level 3.2 Transmutations
 * Level 2.6 Poison Magic


You had 5 spell levels left.
You knew the following spells:

 Your Spells              Type           Power        Failure   Level  Hunger
a - Beastly Appendage     Tmut           ##....       16%         1    #......
b - Sticks to Snakes      Tmut           ##......     22%         2    ##.....
c - Spider Form           Tmut/Pois      ##........   38%         3    ###....


Dungeon Overview and Level Annotations

Branches:
Dungeon (4/15)
 Temple: D:4-7

Altars:

Annotations:
D:3 Noreply's ghost, amateur GrEE


Innate Abilities, Weirdness & Mutations

((Your plain brown scales are hard. (AC +6)))
You cannot fit into any form of body armour.
((You are cold-blooded and may be slowed by cold attacks.))


Message History

The worker ant twitches its antennae in your direction.
The worker ant bites you.
You hit the worker ant but do no damage.
The worker ant bites you.
* * * LOW HITPOINT WARNING * * *
You are lethally poisoned!
The worker ant poisons you!
You hit the worker ant.
The worker ant is lightly wounded.
Your transformation is almost over.
* * * LOW HITPOINT WARNING * * *
You feel sick. The worker ant bites you.
* * * LOW HITPOINT WARNING * * *
You hit the worker ant.
The worker ant is heavily wounded.
* * * LOW HITPOINT WARNING * * *
You feel sick. The worker ant misses you.
* * * LOW HITPOINT WARNING * * *
You feel sick. The worker ant bites you!
You die...

##. .. . #. ..##..
##.## .##...
##...##.##..#
##.....#.##..#
###.....<..##..#
........s..##..######.
###.....a.............
##.........)[#
##...######[#
#..#######.#
#.####........))#
#......[.#####)<##
#..###.#.# #...# #
#.#.# #.#.#


You could see a worker ant.

Vanquished Creatures
  An ice beast (D:2)
  A scorpion (D:4)
  A hound (D:4)
  3 orc wizards (D:4)
  An iguana (D:4)
  A worker ant (D:4)
  6 adders
  An ooze (D:1)
  A worm (D:2)
  4 dart slugs
  3 leopard geckos (D:1)
  7 orcs (D:4)
  3 giant cockroaches
  5 goblins
  A hobgoblin (D:2)
  8 jackals
  A quokka (D:2)
  A ball python (D:1)
  7 bats
  3 frilled lizards
  4 kobolds
  5 rats
68 creatures vanquished.

Vanquished Creatures (collateral kills)
  A worm (D:1)
  A hobgoblin (D:1)
2 creatures vanquished.

Grand Total: 70 creatures vanquished

Notes
Turn   | Place    | Note
-------+----------+-------------------------------------------
     0 | D:1      | yevrey the Draconian Transmuter began the quest for the Orb.
     0 | D:1      | Reached XP level 1. HP: 16/16 MP: 3/3
   130 | D:1      | Reached XP level 2. HP: 22/23 MP: 3/5
   700 | D:1      | Reached XP level 3. HP: 29/29 MP: 4/6
   704 | D:1      | Learned a level 2 spell: Sticks to Snakes
   708 | D:1      | Learned a level 3 spell: Spider Form
  1331 | D:2      | Reached skill level 4 in Unarmed Combat
  1393 | D:2      | Reached XP level 4. HP: 25/36 MP: 0/7
  1615 | D:2      | Noticed an ice beast
  2243 | D:2      | Killed an ice beast
  2243 | D:2      | Reached skill level 1 in Poison Magic
  2243 | D:2      | Reached XP level 5. HP: 12/42 MP: 3/9
  2540 | D:4      | Reached XP level 6. HP: 30/50 MP: 7/10
  2741 | D:4      | Reached skill level 5 in Unarmed Combat
  2823 | D:3      | Noticed Noreply's ghost (amateur GrEE)
  2930 | D:4      | Slain by a worker ant

Skill      XL: |  1  2  3  4  5  6 |
---------------+-------------------+-----
Unarmed Combat | 4 5 |  5.1
Fighting       | 2 3 |  3.1
Transmutations | 3 |  3.2
Poison Magic   | 1 2 |  2.6
Spellcasting   | 3 |  3.1
Dodging        | |  1.7

Action                   |  1- 3 |  4- 6 || total
-------------------------+-------+-------++-------
Melee: Unarmed           |   104 |   116 ||   220
       Tailslap          |     7 |     5 ||    12
       Headbutt          |     2 |       ||     2
       Kick              |     4 |     2 ||     6
       Punch             |     1 |       ||     1
 Cast: Beastly Appendage |    12 |     4 ||    16
       Spider Form       |     5 |    14 ||    19
       Sticks to Snakes  |     5 |       ||     5
  Use: Potion            |     1 |       ||     1
 Stab: Distracted        |       |     1 ||     1
  Eat: Chunk             |     2 |     5 ||     7
       Ration            |       |     1 ||     1
Armor: Skin              |    36 |    15 ||    51
Dodge: Dodged            |    97 |    88 ||   185
